 Dungeon Crawl Stone Soup version 0.31-a0-408-gb642c7f9a3 (webtiles) character file.

Game seed: 1525538826597107480

854 LeprechaunX the Ruffian (level 8, -5/54 HPs)
             Began as an Octopode Shapeshifter on July 30, 2023.
             Slain by a lemure (9 damage)
             ... led by Pikel
             ... on level 5 of the Dungeon.
             The game lasted 00:05:24 (3646 turns).

LeprechaunX the Ruffian (Octopode Shapeshifter)     Turns: 3646, Time: 00:05:24

Health: -5/54      AC: -7    Str: 16    XL:     8   Next: 1%
Magic:  8/8        EV: 14    Int: 10    God:
Gold:   242        SH:  0    Dex: 13    Spells: 7/7 levels left

rFire   . .          .
                       - Unarmed
rCold   . . .        (no shield)
rNeg    . . .        (helmet currently unavailable)
rPois   .            (no amulet)
rElec   .            (no ring)
rCorr   .            (no ring)
SInv    .            (no ring)
Will    .....        (no ring)
Stlth   ++           (no ring)
HPRegen 0.29/turn    (no ring)
MPRegen 0.11/turn    (no ring)
                     (no ring)

%: no passive effects
@: beast-form, corroded
A: beast (slay +3), almost no armour, amphibious, 8 rings, camouflage 1,
gelatinous body 1, (nimble swimmer 1), tentacles
a: Begin Untransformation


You were on level 5 of the Dungeon.
You were a hulking beast.
You visited 1 branch of the dungeon, and saw 5 of its levels.

You collected 242 gold pieces.

Inventory:

Missiles
 g - 8 boomerangs (quivered)
Talismans
 b - a beast talisman
Wands
 n - a wand of polymorph (7)
Scrolls
 a - a scroll of amnesia {unknown}
 c - 3 scrolls of silence {unknown}
 h - 6 scrolls of identify {unknown}
 i - a scroll of fog {unknown}
 l - a scroll of fear {unknown}
 m - a scroll of revelation {unknown}
 o - a scroll of noise {unknown}
 p - a scroll of enchant weapon {unknown}
Potions
 d - 5 potions of mutation {unknown}
 e - a potion of cancellation {unknown}
 f - 2 potions of curing {unknown}
 j - a potion of might {unknown}
 k - a potion of haste {unknown}
 q - a potion of attraction {unknown}


   Skills:
 - Level 4.0 Fighting
 - Level 4.0 Dodging
 - Level 6.0 Unarmed Combat
 + Level 4.8 Shapeshifting


You had 7 spell levels left.
You didn't know any spells.
Your spell library was empty.

Dungeon Overview and Level Annotations

Branches:
Dungeon (5/15)
 Temple: D:4-7

Altars:
Ashenzari
Elyvilon
Fedhas
Nemelex Xobeh

Shops:
D:4 :

Annotations:
D:5 Pikel


Innate Abilities, Weirdness & Mutations

You are a hulking beast.
Your limbs bulge with bestial killing power. (Slay +3)
You cannot wear most types of armour.
You are amphibious.
You can wear up to eight rings at the same time.
Your skin changes colour to match your surroundings (Stealth+).
Your rubbery body absorbs attacks. (AC +1, EV +1)
((You are camouflaged when in or above water. (Stealth+)))
You have tentacles for arms and can constrict up to eight enemies at once.


Message History

You constrict the lemure, but do no damage.
The lemure closely misses you.
Unknown command.
You tentacle-slap the lemure but do no damage.
The lemure is moderately wounded.
You constrict the lemure. The lemure misses you.
You tentacle-slap the lemure but do no damage.
The lemure is moderately wounded.
You constrict the lemure, but do no damage.
The lemure misses you.
Unknown command.
You tentacle-slap the lemure.
The lemure is heavily wounded.
You constrict the lemure. The lemure closely misses you.
A lemure comes into view.
You barely miss the lemure.
The lemure is heavily wounded.
You constrict the lemure.
You tentacle-slap the lemure but do no damage.
You squeeze the lemure, but do no damage.
The lemure is severely wounded.
You constrict the lemure. The lemure hits you.
* * * LOW HITPOINT WARNING * * *
Unknown command.
You tentacle-slap the lemure but do no damage.
You squeeze the lemure.
The lemure is almost dead.
You constrict the lemure. The lemure hits you.
* * * LOW HITPOINT WARNING * * *
Unknown command.
You barely miss the lemure.
The lemure is almost dead.
You constrict the lemure.
You kill the lemure!
That felt strangely unrewarding.
Unknown command.
The lemure attacks as you move away! The lemure misses you.
The lemure attacks as you move away! The lemure closely misses you.
The lemure attacks as you move away! The lemure hits you!
You die...

..........##### #..<.# ###
.......#......##
#..).###....
...(...###.##..#####
#....#...#
.......###)###.....#
#).....#
........$..#######.#
#....###
....)..###.5..####.###....#
......# ###.5..##..##....#
.....## ##..5.#.....#.##
###.... ##.#h......#.# #
###. #.###.....#.# ######..
#.. #.....#.# .......#
##.########.# .#####.. .#
#.# .# .. .# .## ..######
#### .......###..).#


You could see 3 lemures.

Vanquished Creatures
  Grinder (D:3)
  Sigmund (D:3)
  Eustachio (D:5)
  A lemure (D:5)
  A vampire bat (D:3)
  2 hounds (D:5)
  A jelly (D:5)
  An iguana (D:4)
  An orc wizard (D:4)
  6 adders
  3 worms
  3 dart slugs
  7 orcs
  9 ball pythons
  5 endoplasms
  5 giant cockroaches
  8 goblins
  8 hobgoblins
  5 jackals
  6 kobolds
  2 quokkas
  18 bats
  2 frilled lizards
  12 rats
109 creatures vanquished.

Notes
Turn   | Place    | Note
-------+----------+-------------------------------------------
     0 | D:1      | LeprechaunX the Octopode Shapeshifter began the quest for
                  | the Orb.
     0 | D:1      | Reached XP level 1. HP: 13/13 MP: 1/1
   153 | D:1      | Reached XP level 2. HP: 18/18 MP: 2/2
   500 | D:1      | Reached XP level 3. HP: 23/23 MP: 3/3
   919 | D:2      | Reached XP level 4. HP: 28/29 MP: 4/4
  1217 | D:2      | Reached skill level 4 in Unarmed Combat
  1566 | D:3      | Found a blossoming altar of Fedhas.
  1573 | D:3      | Noticed Grinder
  1592 | D:3      | Paralysed by Grinder for 3 turns
  1601 | D:3      | Killed Grinder
  1602 | D:3      | Reached XP level 5. HP: 13/36 MP: 5/5
  1602 | D:3      | Reached XP level 6. HP: 15/41 MP: 6/6
  1719 | D:3      | Found a white marble altar of Elyvilon.
  1726 | D:3      | Noticed Sigmund
  1777 | D:3      | Killed Sigmund
  1778 | D:3      | Reached skill level 5 in Unarmed Combat
  1778 | D:3      | Reached XP level 7. HP: 40/46 MP: 7/7
  2450 | D:4      | HP: 3/69 [orc/+0 club (2)]
  2973 | D:4      | Found a sparkling altar of Nemelex Xobeh.
  3093 | D:4      | Found Cisacuot's Book Emporium.
  3370 | D:5      | Entered Level 5 of the Dungeon
  3419 | D:5      | Found a broken altar of Ashenzari.
  3441 | D:5      | Noticed Pikel
  3471 | D:5      | Noticed Eustachio
  3478 | D:5      | Killed Eustachio
  3479 | D:5      | Reached skill level 6 in Unarmed Combat
  3630 | D:5      | Reached XP level 8. HP: 7/54 MP: 8/8
  3637 | D:5      | HP: 2/54 [lemure[Pikel] (5)]
  3646 | D:5      | Slain by a lemure

Illustrated notes

Levels and vault maps discovered:
D:1:      scummos_arrival_simple_fountains, layout_loops_ring
D:2:      layout_basic, minivault_25, minmay_pentomino_pile
D:3:      layout_loops_cross, elyvilon_altar_5, fedhas_altar_2, serial_glass,
          glass_columns_b, glass_columns_a, minivault_24, roderic_batcave,
          amcnicky_mini_rare_corridor_liquid, uniq_sigmund, uniq_grinder
D:4:      layout_cave_pods, nemelex_diamond_rough_becter, serial_shops,
          nicolae_book_shop_shelving, minmay_misc_feat_four_crosses,
          minmay_strange_pillars
D:5:      layout_rooms, mainiacjoe_overflow_tiny_flanked, amcnicky_altar_gilded,
          kennysheep_okawaru_gauntlet, mainiacjoe_overflow_small_starburst,
          minmay_temple_entry_antechambers, uniq_pikel, uniq_eustachio

Skill      XL: |  1  2  3  4  5  6  7 |
---------------+----------------------+-----
Fighting       | 2 3 4 |  4.0
Unarmed Combat | 4 5 6 |  6.0
Dodging        | 3 4 |  4.0
Shapeshifting  | 4 |  4.8

Action                     |  1- 3 |  4- 6 |  7- 9 || total
---------------------------+-------+-------+-------++-------
  Melee: Unarmed           |    55 |    59 |    90 ||   204
         Constrict         |    14 |    18 |    20 ||    52
         Tentacles         |     8 |     9 |    19 ||    36
         Punch             |     2 |     1 |     2 ||     5
  Throw: Boomerang         |       |     3 |     1 ||     4
    Use: Potion            |       |       |     1 ||     1
   Stab: Sleeping          |    15 |     3 |     9 ||    27
         Distracted        |       |     1 |       ||     1
 Armour: Skin              |     4 |     5 |    31 ||    40
  Dodge: Dodged            |    27 |    25 |    70 ||   122

Table legend: (Time is in decaauts)
 A = Elapsed time spent in this place.
 B = Non-inter-level travel time spent in this place.
 C = Inter-level travel time spent in this place.
 D = Time resting spent in this place.
 E = Time spent auto-exploring this place.
 F = Levels seen in this place.
 G = Mean time per level.
                   A        B        C        D        E       F      G
               +--------+--------+--------+--------+--------+-----+--------+
         Total |   3628 |   3503 |    125 |    282 |   2552 |   5 |  725.6 |
       Dungeon |   3628 |   3503 |    125 |    282 |   2552 |   5 |  725.6 |
               +--------+--------+--------+--------+--------+-----+--------+

Top non-repeatable levels by time:
     D:4: 988 daAuts
     D:3: 855 daAuts
     D:2: 842 daAuts
     D:1: 689 daAuts
     D:5: 252 daAuts
